 Dungeon Crawl Stone Soup version 0.31-a0-73-g838c19eb66 (webtiles) character file.

Game seed: 2020887326996524775

97 Kenran the Ruffian (level 4, -2/34 HPs)
             Began as a Vampire Fighter on May 23, 2023.
             Slain by an iguana (6 damage)
             ... on level 5 of the Dungeon.
             The game lasted 00:03:01 (1492 turns).

Kenran the Ruffian (Vampire Fighter)                Turns: 1492, Time: 00:03:02

Health: -2/34      AC: 10    Str: 17    XL:     4   Next: 42%
Magic:  4/4        EV:  7    Int: 10    God:
Gold:   151        SH:  4    Dex: 13    Spells: 3/3 levels left

rFire   . .          .
                       - Unarmed
rCold   . . .        b - +0 buckler
rNeg    . . .        g - +0 chain mail
rPois   .            (no helmet)
rElec   .            (no cloak)
rCorr   .            d - +1 pair of gloves
SInv    +            (no boots)
Will    .....        (no amulet) Stlth
                     (no ring)
HPRegen 0.45/turn    (no ring)
MPRegen 0.09/turn

%: no passive effects
@: healing quickly
A: alive, fangs 3, see invisible, vampiric 2
a: Exsanguinate


You were on level 5 of the Dungeon.
You visited 1 branch of the dungeon, and saw 5 of its levels.

You collected 151 gold pieces.

Inventory:

Armour
 b - a +0 buckler (worn)
 d - a +1 pair of gloves (worn)
 g - a +0 chain mail (worn)
Scrolls
 a - a scroll of vulnerability {unknown}
 e - a scroll of blinking {unknown}
 f - 2 scrolls of enchant weapon
 i - a scroll of poison {!r}
 j - a scroll of magic mapping {unknown}
Potions
 c - a potion of might
 h - 2 potions of enlightenment {unknown}
 k - 2 potions of curing {unknown}
 l - a potion of degeneration {unknown}
 m - a potion of heal wounds {unknown}


   Skills:
 - Level 2.6 Fighting
 - Level 2.4 Armour
 - Level 2.6 Shields
 + Level 5.2 Unarmed Combat


You had 3 spell levels left.
You didn't know any spells.
Your spell library contained the following spells:

 Spells                   Type           Power      Damage    Failure   Level
 Freeze                   Ice            0%         1d3       99%         1
 Frozen Ramparts          Ice            0%         1d1       100%        3
 Hailstorm                Conj/Ice       0%         3d3       100%        3


Dungeon Overview and Level Annotations

Branches:
Dungeon (5/15)
 Temple: D:4-7

Altars:


Innate Abilities, Weirdness & Mutations

Your natural rate of healing is accelerated.
You have razor-sharp teeth.
You have supernaturally acute eyesight. (SInv)
You are afflicted with vampirism and can become a bat while bloodless.


Message History

The iguana is moderately wounded.
The iguana bites you.
You hit the iguana but do no damage.
The iguana is moderately wounded.
The iguana closely misses you.
You hit the iguana.
The iguana is heavily wounded.
The iguana barely misses you.
You barely miss the iguana.
The iguana is heavily wounded.
The iguana barely misses you.
You closely miss the iguana.
The iguana is heavily wounded.
The iguana bites you!
You are too injured to fight recklessly!
You are too injured to fight recklessly!
You are too injured to fight recklessly!
You hit the iguana. You bite the iguana.
The iguana is severely wounded.
The iguana bites you but does no damage.
You barely miss the iguana.
The iguana is severely wounded.
The iguana bites you.
You closely miss the iguana.
The iguana is severely wounded.
You hit the iguana.
The iguana is almost dead.
The iguana bites you.
You hit the iguana but do no damage.
The iguana is almost dead.
You block the iguana's attack.
You barely miss the iguana.
The iguana is almost dead.
The iguana bites you!
* * * LOW HITPOINT WARNING * * *
Okay, then.
You closely miss the iguana.
The iguana is almost dead.
The iguana bites you.
You die...

### # ##.##...#
##...#...#
#....#...###
###........## #
##.##......#.#
#..#...##.....
##.....#......
#...@l.......
.........##.......
...P#.....##......
#.. #..#......##..
# #...#..#..## .
...........$.
.........##...
#......#.. ..


You could see an iguana.

Vanquished Creatures
  2 adders (D:2)
  2 worms (D:3)
  4 dart slugs (D:1)
  3 orcs (D:3)
  9 endoplasms
  2 giant cockroaches (D:1)
  3 goblins
  4 hobgoblins
  5 jackals
  5 kobolds
  6 ball pythons
  6 bats
  A frilled lizard (D:2)
  3 rats (D:1)
55 creatures vanquished.

Notes
Turn   | Place    | Note
-------+----------+-------------------------------------------
     0 | D:1      | Kenran the Vampire Fighter began the quest for the Orb.
     0 | D:1      | Reached XP level 1. HP: 17/17 MP: 1/1
    46 | D:1      | Reached skill level 3 in Unarmed Combat
    48 | D:1      | Reached XP level 2. HP: 21/23 MP: 2/2
   233 | D:1      | Gained mutation: You are afflicted with vampirism and can
                  | become a bat while bloodless. [Vampire growth]
   233 | D:1      | Reached XP level 3. HP: 28/28 MP: 3/3
   243 | D:1      | Reached skill level 4 in Unarmed Combat
   797 | D:2      | Reached XP level 4. HP: 34/34 MP: 4/4
  1089 | D:3      | Reached skill level 5 in Unarmed Combat
  1458 | D:3      | You fall into a shaft and drop 2 floors!
  1458 | D:5      | Entered Level 5 of the Dungeon
  1492 | D:5      | Slain by an iguana

Illustrated notes

Levels and vault maps discovered:
D:1:      dpeg_arrival_water_temple_mockup, layout_rooms, minmay_tetromino_o2
D:2:      layout_loops_ring
D:3:      layout_basic, grunt_ministairs_6
D:4:      layout_loops_cross, makhleb_heckhound_becter,
          mainiacjoe_overflow_alcove_2, minmay_mini_ossuary, uniq_duvessa
D:5:      layout_cave_pools, nicolae_hepliaklqana_hazy_memory,
          minmay_temple_entry_wispy, serial_undead, serial_undead_b,
          serial_undead_e, serial_undead_d, serial_undead_f, serial_undead_e,
          serial_undead_c, serial_undead_b, serial_undead_d, serial_undead_c,
          serial_undead_d, serial_shops, nicolae_shop_hallway_stairs, shop

Skill      XL: |  1  2  3  4 |
---------------+-------------+-----
Unarmed Combat | 3 4 5 |  5.2
Fighting       | |  2.6
Armour         | |  2.4
Shields        | |  2.6

Action                     |  1- 3 |  4- 6 || total
---------------------------+-------+-------++-------
  Melee: Unarmed           |   120 |    74 ||   194
         Bite              |    13 |     8 ||    21
    Use: Scroll            |     2 |       ||     2
 Armour: Scale mail        |    43 |       ||    43
         Chain mail        |    26 |    20 ||    46
  Dodge: Dodged            |    36 |    17 ||    53
  Block: Buckler           |    25 |     7 ||    32

Table legend: (Time is in decaauts)
 A = Elapsed time spent in this place.
 B = Non-inter-level travel time spent in this place.
 C = Inter-level travel time spent in this place.
 D = Time resting spent in this place.
 E = Time spent auto-exploring this place.
 F = Levels seen in this place.
 G = Mean time per level.
                   A        B        C        D        E       F      G
               +--------+--------+--------+--------+--------+-----+--------+
         Total |   1484 |   1453 |     31 |     10 |   1008 |   5 |  296.8 |
       Dungeon |   1484 |   1453 |     31 |     10 |   1008 |   5 |  296.8 |
               +--------+--------+--------+--------+--------+-----+--------+

Top non-repeatable levels by time:
     D:2: 535 daAuts
     D:1: 481 daAuts
     D:3: 434 daAuts
     D:5: 31 daAuts
     D:4: 1 daAuts
